[Event "ICC tourney 2556 (25 5)"]
[Site "Internet Chess Club"]
[Date "2021.05.08"]
[Round "2"]
[White "MANIKANDAN, SIDDHARTH:K05-15223658"]
[Black "ELIZABETH PETER, SARAH:K05-16665770"]
[Result "1-0"]
[ICCResult "Black checkmated"]
[WhiteElo "1445"]
[BlackElo "954"]
[Opening "French: exchange variation"]
[ECO "C01"]
[NIC "FR.01"]
[Time "13:32:53"]
[PlyCount "43"]
[TimeControl "1500+5"]

1. e4 e6 2. d4 d5 3. exd5 exd5 4. Nc3 Bb4 5. Nf3 Nf6 6. Bg5 h6 7. Bh4 Be6
8. Bd3 c5 9. dxc5 Bxc5 10. O-O O-O 11. Re1 Qb6 12. Na4 Qc6 13. Nxc5 Qxc5
14. Bxf6 gxf6 15. Nd4 Re8 16. Nf5 Bxf5 17. Rxe8+ Kg7 18. Bxf5 Qc4 19. Qh5
Qf4 20. Re7 Qxf5 21. Qxf7+ Kh8 22. Qg7# { Black checkmated } 1-0

[Event "ICC tourney 2556 (25 5)"]
[Site "Internet Chess Club"]
[Date "2021.05.08"]
[Round "2"]
[White "ZIANG FENG, STEVEN:K05-16388220"]
[Black "SHENVI PRIOLKAR, ANSH:K05-30065668"]
[Result "0-1"]
[ICCResult "White resigns"]
[WhiteElo "1428"]
[BlackElo "941"]
[Opening "Giuoco Piano"]
[ECO "C54"]
[NIC "IG.02"]
[Time "13:34:22"]
[PlyCount "60"]
[TimeControl "1500+5"]

1. e4 e5 2. Nf3 Nc6 3. Bc4 Bc5 4. c3 Nf6 5. d4 exd4 6. cxd4 Bb4+ 7. Bd2
Bxd2+ 8. Nbxd2 d5 9. exd5 Nxd5 10. O-O O-O 11. a3 Re8 12. Re1 Be6 13. Ne5
Nxd4 14. Ne4 Nc6 15. Nxc6 bxc6 16. Nc5 Rb8 17. b4 Qf6 18. Qa4 Nb6 19. Qxa7
Nxc4 20. Qxc7 Rec8 21. Qg3 Rd8 22. Rad1 Ra8 23. Rxd8+ Rxd8 24. Nb7 Ra8 25.
a4 h6 26. a5 Qb2 27. Qd3 Qxb4 28. Rb1 Qe7 29. Qe4 Nd2 30. Qxc6 Nxb1 { White
resigns } 0-1

[Event "ICC tourney 2556 (25 5)"]
[Site "Internet Chess Club"]
[Date "2021.05.08"]
[Round "2"]
[White "YAO, COCO:K05-16335651"]
[Black "ZHUANG, KYLE:K05-16368295"]
[Result "0-1"]
[ICCResult "White checkmated"]
[WhiteElo "1082"]
[BlackElo "1637"]
[Opening "Sicilian: Alapin's variation (2.c3)"]
[ECO "B22"]
[NIC "SI.46"]
[Time "13:36:27"]
[PlyCount "56"]
[TimeControl "1500+5"]

1. e4 c5 2. c3 d5 3. exd5 Qxd5 4. d4 Nf6 5. Nf3 Bg4 6. Bb5+ Nc6 7. h3 Bh5
8. Be3 cxd4 9. cxd4 Qxb5 10. Nc3 Qxb2 11. Rb1 Qxc3+ 12. Kf1 e6 13. Rc1 Qb4
14. h4 Be7 15. Rh3 Nd5 16. Ne5 Bxd1 17. Nxc6 bxc6 18. Rxd1 Nxe3+ 19. Rxe3
O-O 20. Kg1 Rfd8 21. Red3 Bf6 22. g3 Rxd4 23. Rxd4 Bxd4 24. Kg2 Qb2 25. a3
Qxf2+ 26. Kh3 h5 27. Rh1 Be5 28. a4 Qxg3# { White checkmated } 0-1

[Event "ICC tourney 2556 (25 5)"]
[Site "Internet Chess Club"]
[Date "2021.05.08"]
[Round "2"]
[White "LINGISHETTY, ISHAAN:K05-16449486"]
[Black "SCOLLON, OWEN:K05-17108421"]
[Result "0-1"]
[ICCResult "White checkmated"]
[WhiteElo "1019"]
[BlackElo "1513"]
[Opening "Petrov's defense"]
[ECO "C42"]
[NIC "RG.03"]
[Time "13:33:08"]
[PlyCount "56"]
[TimeControl "1500+5"]

1. e4 e5 2. Nf3 Nf6 3. Nxe5 Nc6 4. Nxc6 dxc6 5. Bc4 Bc5 6. Nc3 Ng4 7. O-O
Qh4 8. h3 Bxf2+ 9. Rxf2 Qxf2+ 10. Kh1 h5 11. Qg1 Qg3 12. Bxf7+ Kxf7 13.
Qf1+ Ke8 14. hxg4 hxg4+ 15. Kg1 Qe5 16. Qe1 g3 17. Ne2 Qc5+ 18. d4 Qxc2 19.
d5 Qc5+ 20. Kf1 Rh1+ 21. Ng1 Qxg1+ 22. Ke2 Qxe1+ 23. Kd3 cxd5 24. exd5 Bf5+
25. Kc4 a5 26. Kd4 Qb4+ 27. Ke3 Qe4+ 28. Kd2 Qd3# { White checkmated } 0-1

[Event "ICC tourney 2556 (25 5)"]
[Site "Internet Chess Club"]
[Date "2021.05.08"]
[Round "2"]
[White "BUPESHNATH, ARJUN:K05-15891702"]
[Black "JAIN, KANISHK:K05-16575412"]
[Result "1-0"]
[ICCResult "Black resigns"]
[WhiteElo "1035"]
[BlackElo "537"]
[Opening "French: Steinitz variation"]
[ECO "C11"]
[NIC "FR.04"]
[Time "13:33:21"]
[PlyCount "95"]
[TimeControl "1500+5"]

1. e4 e6 2. d4 d5 3. Nc3 Nf6 4. e5 Nfd7 5. Nf3 c5 6. Bf4 Nc6 7. dxc5 Bxc5
8. Bd3 a6 9. O-O b5 10. a3 Bb7 11. b4 Bb6 12. Re1 Ba7 13. Qd2 Nb6 14. Rad1
Nc4 15. Bxc4 bxc4 16. Be3 Bb8 17. Bc5 a5 18. bxa5 Qxa5 19. Qe3 Bc7 20. Rb1
Rb8 21. Nb5 Bd8 22. Nd6+ Kd7 23. Nxb7 Qc7 24. Bd6 Qxb7 25. Rxb7+ Rxb7 26.
h3 Bb6 27. Bc5 Ba5 28. Rd1 Rhb8 29. Nd4 Nxd4 30. Bxd4 Bd8 31. Qf3 Ke8 32.
Qh5 h6 33. Qg4 Kf8 34. Bc5+ Kg8 35. f4 Rb5 36. Bb4 Bb6+ 37. Kh1 Ba5 38.
Bxa5 Rxa5 39. f5 Re8 40. Qf3 Raa8 41. Qg3 Rad8 42. fxe6 fxe6 43. Rd4 Re7
44. Qg6 Rb8 45. Qg3 Rf7 46. Rf4 Ra7 47. Qg6 Ra6 48. Rf7 { Black resigns }
1-0

[Event "ICC tourney 2556 (25 5)"]
[Site "Internet Chess Club"]
[Date "2021.05.08"]
[Round "2"]
[White "BUCHIREDDY, ARYAN:K05-17330263"]
[Black "POTLURI, ROHAN:K05-17308405"]
[Result "1-0"]
[ICCResult "Black resigns"]
[WhiteElo "843"]
[BlackElo "453"]
[Opening "King's pawn game"]
[ECO "C50"]
[NIC "IG.03"]
[Time "13:34:44"]
[PlyCount "81"]
[TimeControl "1500+5"]

1. e4 e5 2. Nf3 Nc6 3. Bc4 h6 4. O-O d6 5. Nc3 Nf6 6. d3 Be7 7. Be3 b6 8.
Bb5 Bb7 9. Nd5 Nxd5 10. exd5 O-O 11. dxc6 Bc8 12. d4 a6 13. Bc4 Bg4 14. Bd5
Bg5 15. h3 Bc8 16. dxe5 Bxe3 17. fxe3 dxe5 18. Nxe5 Qe7 19. Bxf7+ Kh7 20.
Bg6+ Kg8 21. Qd5+ Be6 22. Bf7+ Rxf7 23. Rxf7 Bxf7 24. Nxf7 Qxf7 25. Rd1
Qxd5 26. Rxd5 Rc8 27. Rd7 b5 28. b3 Kh7 29. h4 Kg6 30. g4 Kf6 31. Kf2 g5
32. h5 Ke6 33. Rh7 Kd6 34. Rxh6+ Kd5 35. Rg6 Rf8+ 36. Ke2 Rf7 37. h6 Rh7
38. Rxg5+ Kxc6 39. Rg6+ Kd7 40. Rg7+ Rxg7 41. hxg7 { Black resigns } 1-0

[Event "ICC tourney 2556 (25 5)"]
[Site "Internet Chess Club"]
[Date "2021.05.08"]
[Round "2"]
[White "DAVID YAN BO KOTCHEN, AARON:K05-16524882"]
[Black "CHAN MAK, OLIVER:K05-16502861"]
[Result "1-0"]
[ICCResult "Black checkmated"]
[WhiteElo "1523"]
[BlackElo "569"]
[Opening "King's pawn game"]
[ECO "C21"]
[NIC "KP.10"]
[Time "13:34:44"]
[PlyCount "71"]
[TimeControl "1500+5"]

1. e4 e5 2. d4 d6 3. dxe5 dxe5 4. Qxd8+ Kxd8 5. Nf3 Nc6 6. Nc3 Bc5 7. Ng5
Nh6 8. Bc4 Ke8 9. Nd5 Bb6 10. Bd2 Bf5 11. exf5 Nxf5 12. a4 Ncd4 13. O-O-O
Rd8 14. a5 Bc5 15. b4 Be7 16. Nxe7 Kxe7 17. Nxf7 Ne2+ 18. Bxe2 Kxf7 19.
Bc4+ Kf6 20. h4 Rd4 21. Bg5+ Kg6 22. Rxd4 Nxd4 23. Re1 Nc6 24. b5 Nxa5 25.
Ba2 Kf5 26. f3 h6 27. g4+ Kg6 28. Bd2 h5 29. g5 Kh7 30. Bxa5 Ra8 31. Rxe5
a6 32. b6 c6 33. Bf7 Rf8 34. g6+ Kh8 35. Bb4 Rd8 36. Rxh5# { Black
checkmated } 1-0

[Event "ICC tourney 2556 (25 5)"]
[Site "Internet Chess Club"]
[Date "2021.05.08"]
[Round "2"]
[White "L HUANG, ABIGAIL:K05-16809062"]
[Black "GHODAKE, SPARSH:K05-16884947"]
[Result "0-1"]
[ICCResult "White checkmated"]
[WhiteElo "135"]
[BlackElo "1242"]
[Opening "French: Two knights variation"]
[ECO "C00"]
[NIC "FR.01"]
[Time "13:32:32"]
[PlyCount "78"]
[TimeControl "1500+5"]

1. e4 e6 2. Nc3 d5 3. Nf3 dxe4 4. Nxe4 Nf6 5. d3 Be7 6. Bf4 Nbd7 7. Nxf6+
Bxf6 8. d4 b6 9. Bc4 Bb7 10. c3 h6 11. O-O g5 12. Bg3 h5 13. Be5 Bxf3 14.
Qxf3 Bxe5 15. dxe5 Nxe5 16. Qe4 Nxc4 17. Qxc4 c5 18. Rad1 Qc7 19. b4 h4 20.
Rd3 Ke7 21. bxc5 Qxc5 22. Qxc5+ bxc5 23. Re1 Rad8 24. Rxd8 Rxd8 25. h3 Rd2
26. Re5 Rxa2 27. Rxc5 Kf6 28. c4 a5 29. Rb5 a4 30. c5 a3 31. c6 Rc2 32. Ra5
a2 33. c7 Rxc7 34. Rxa2 Kf5 35. f3 Kf4 36. Kf2 Rc4 37. Ra7 Rc2+ 38. Kg1 Kg3
39. Rxf7 Rc1# { White checkmated } 0-1

[Event "ICC tourney 2556 (25 5)"]
[Site "Internet Chess Club"]
[Date "2021.05.08"]
[Round "2"]
[White "DUNIKOV, GLIB:K05-16572317"]
[Black "SAENZ, DANIEL:K05-16885041"]
[Result "1-0"]
[ICCResult "Black checkmated"]
[WhiteElo "1502"]
[BlackElo "1018"]
[Opening "Tennison (Lemberg, Zukertort) gambit"]
[ECO "B01"]
[NIC "VO.17"]
[Time "13:33:38"]
[PlyCount "57"]
[TimeControl "1500+5"]

1. e4 d5 2. Nf3 dxe4 3. Ng5 Nf6 4. Nc3 Bf5 5. Bc4 e6 6. f3 exf3 7. Qxf3 Nc6
8. Nxf7 Kxf7 9. Qxf5 Nd4 10. Qd3 Bc5 11. Ne4 Nxe4 12. Qxe4 Re8 13. O-O+ Kg8
14. Kh1 Qg5 15. c3 Rf8 16. cxd4 Rxf1+ 17. Bxf1 Bd6 18. Qxe6+ Kh8 19. g3 Rf8
20. Bc4 Qh5 21. Qe2 Qh3 22. Qg2 Qg4 23. Be2 Qxd4 24. Bf3 b6 25. Be2 Rf2 26.
Qc6 Rxe2 27. Qa8+ Re8 28. Qxe8+ Bf8 29. Qxf8# { Black checkmated } 1-0

[Event "ICC tourney 2556 (25 5)"]
[Site "Internet Chess Club"]
[Date "2021.05.08"]
[Round "2"]
[White "BOTHE, NYSA:K05-17073423"]
[Black "SASTRY, ARUSH:K05-30017444"]
[Result "0-1"]
[ICCResult "White checkmated"]
[WhiteElo "815"]
[BlackElo "381"]
[Opening "Scandinavian (center counter) defense"]
[ECO "B01"]
[NIC "SD.01"]
[Time "13:34:26"]
[PlyCount "74"]
[TimeControl "1500+5"]

1. e4 d5 2. exd5 Qxd5 3. Nc3 Qa5 4. Nf3 Nf6 5. Bc4 c5 6. O-O e6 7. d4 cxd4
8. Nxd4 Be7 9. Bf4 O-O 10. Qf3 e5 11. Nb3 Qc7 12. Bxe5 Qxc4 13. Nd2 Qh4 14.
Bxf6 Bxf6 15. Nd5 Bxb2 16. Rab1 Be5 17. g3 Qd8 18. Rfe1 Nc6 19. Nc4 Be6 20.
Nxe5 Bxd5 21. Qd3 Nxe5 22. Rxe5 Bc6 23. Qe2 f6 24. Qc4+ Kh8 25. Rh5 Qe8 26.
Qh4 h6 27. Rf5 Qe2 28. h3 Qxc2 29. Rf1 Qxf5 30. f3 Bxf3 31. g4 Qc5+ 32. Kh2
Rfe8 33. Rxf3 Re2+ 34. Kg3 Qg1+ 35. Kf4 g5+ 36. Kf5 Qb1+ 37. Kxf6 Rf8# {
White checkmated } 0-1

[Event "ICC tourney 2556 (25 5)"]
[Site "Internet Chess Club"]
[Date "2021.05.08"]
[Round "2"]
[White "OSCAR LI, JINGTU:K05-16113408"]
[Black "RAU, AKAASH:K05-16538222"]
[Result "1-0"]
[ICCResult "Black checkmated"]
[WhiteElo "1407"]
[BlackElo "912"]
[Opening "Nimzo-Indian: three knights variation"]
[ECO "E21"]
[NIC "NI.26"]
[Time "13:34:41"]
[PlyCount "71"]
[TimeControl "1500+5"]

1. d4 Nf6 2. c4 e6 3. Nf3 Bb4+ 4. Nc3 b6 5. g3 Bb7 6. Bg2 Bxc3+ 7. bxc3 d6
8. O-O Ne4 9. Qc2 f5 10. Ng5 Qf6 11. Nxe4 fxe4 12. Bxe4 Bxe4 13. Qxe4 Nc6
14. Qxc6+ Ke7 15. Qxc7+ Ke8 16. Qxd6 Rd8 17. Qe5 Qxe5 18. dxe5 Kf7 19. Bg5
Rc8 20. Rfd1 Kg6 21. Be3 Rxc4 22. Rac1 Kf5 23. Rd7 Rhc8 24. Rxa7 Rxc3 25.
Rxc3 Rxc3 26. Bxb6 Kxe5 27. Rxg7 h5 28. Rg5+ Ke4 29. Rxh5 Rc2 30. a4 Rxe2
31. a5 Kf3 32. h4 Ra2 33. Kh2 Ra4 34. Rb5 Kg4 35. Kg2 Ra1 36. Rg5# { Black
checkmated } 1-0

[Event "ICC tourney 2556 (25 5)"]
[Site "Internet Chess Club"]
[Date "2021.05.08"]
[Round "2"]
[White "KANNAN, VIJAY:K05-16132744"]
[Black "KONDABATHINI, NAMISH:K05-16992657"]
[Result "0-1"]
[ICCResult "White checkmated"]
[WhiteElo "1618"]
[BlackElo "1076"]
[Opening "Queen's gambit declined"]
[ECO "D30"]
[NIC "QP.08"]
[Time "13:34:40"]
[PlyCount "50"]
[TimeControl "1500+5"]

1. d4 d5 2. c4 e6 3. Nf3 Nf6 4. Bf4 dxc4 5. e3 Bb4+ 6. Nc3 c5 7. Bxc4 cxd4
8. Nxd4 O-O 9. O-O Bxc3 10. bxc3 Bd7 11. Nf3 Nc6 12. Qc2 Rc8 13. Rfd1 Qa5
14. Qb2 b6 15. Rac1 Rfd8 16. Bb5 a6 17. Bxc6 Bxc6 18. Rxd8+ Rxd8 19. Bc7
Bxf3 20. Bxd8 Qg5 21. g3 Qg4 22. Kf1 Qh3+ 23. Ke1 Ne4 24. Qb4 Qxh2 25. Qc4
Qxf2# { White checkmated } 0-1

[Event "ICC tourney 2556 (25 5)"]
[Site "Internet Chess Club"]
[Date "2021.05.08"]
[Round "2"]
[White "WILSON, HANSEN:K05-16811481"]
[Black "STERN, KEVIN:K05-16419450"]
[Result "0-1"]
[ICCResult "White checkmated"]
[WhiteElo "903"]
[BlackElo "1393"]
[Opening "Caro-Kann: exchange variation"]
[ECO "B13"]
[NIC "CK.02"]
[Time "13:34:14"]
[PlyCount "66"]
[TimeControl "1500+5"]

1. e4 c6 2. d4 d5 3. exd5 cxd5 4. Nf3 Nf6 5. Bf4 Nc6 6. Bb5 Bg4 7. O-O e6
8. Bxc6+ bxc6 9. Nbd2 Bd6 10. Bxd6 Qxd6 11. Nb3 O-O 12. Qd3 Bf5 13. Qe3
Bxc2 14. Nc5 Bg6 15. Nb7 Qe7 16. Nc5 Ne4 17. Nxe4 Bxe4 18. Ng5 Bg6 19. Rac1
Rac8 20. f4 Qb4 21. Rb1 Bxb1 22. Rxb1 h6 23. Nf3 c5 24. dxc5 Qxc5 25. Nd4
Rb8 26. Kf1 Rb4 27. Rd1 Rxb2 28. Qe5 Rxa2 29. f5 exf5 30. Qxf5 Rb8 31. Ne2
Rbb2 32. Rxd5 Ra1+ 33. Rd1 Rxd1# { White checkmated } 0-1

[Event "ICC tourney 2556 (25 5)"]
[Site "Internet Chess Club"]
[Date "2021.05.08"]
[Round "2"]
[White "VARDHAN, SHAIV:K05-16957684"]
[Black "LUO, WESLEY:K05-16424622"]
[Result "0-1"]
[ICCResult "White resigns"]
[WhiteElo "1086"]
[BlackElo "1673"]
[Opening "QGD: 4.Bg5"]
[ECO "D50"]
[NIC "QO.16"]
[Time "13:34:02"]
[PlyCount "58"]
[TimeControl "1500+5"]

1. d4 d5 2. c4 e6 3. Nc3 Nf6 4. Bg5 c6 5. e3 Be7 6. Nf3 O-O 7. Bd3 dxc4 8.
Bxc4 Nbd7 9. O-O Nd5 10. Bxe7 Qxe7 11. Bd3 e5 12. Nxd5 cxd5 13. Nxe5 Nxe5
14. dxe5 Qxe5 15. Qc2 g6 16. b3 Qg5 17. Rfe1 Bh3 18. g3 Rac8 19. Qd2 d4 20.
Bf1 Bxf1 21. Kxf1 Qb5+ 22. Kg1 d3 23. Rac1 Qf5 24. Rxc8 Rxc8 25. a4 Rc2 26.
Qxc2 dxc2 27. Rc1 Qf3 28. Rxc2 Qd1+ 29. Kg2 Qxc2 { White resigns } 0-1

[Event "ICC tourney 2556 (25 5)"]
[Site "Internet Chess Club"]
[Date "2021.05.08"]
[Round "2"]
[White "NIEUWERBURGH, HENRY:K05-16089188"]
[Black "RAJAMANIKANDAN, DHAVA:K05-15601294"]
[Result "1-0"]
[ICCResult "Black resigns"]
[WhiteElo "1297"]
[BlackElo "877"]
[Opening "Ruy Lopez: old Steinitz defense"]
[ECO "C62"]
[NIC "RL.02"]
[Time "13:33:32"]
[PlyCount "119"]
[TimeControl "1500+5"]

1. e4 e5 2. Nf3 Nc6 3. Bb5 d6 4. Nc3 Bd7 5. d3 Nf6 6. Be3 g6 7. Qd2 Bg7 8.
O-O Ng4 9. Rfe1 Nxe3 10. Qxe3 a6 11. Bc4 Nd4 12. Ne2 Nxc2 13. Qd2 Nxa1 14.
Rxa1 Qe7 15. Ng5 Be6 16. Nxe6 fxe6 17. d4 Rd8 18. Rc1 c5 19. d5 exd5 20.
Bxd5 h5 21. Rc3 Rd7 22. Rf3 Qd8 23. Qc3 Rf8 24. Rg3 Rdf7 25. f3 Qd7 26. Qb3
b5 27. Bxf7+ Qxf7 28. Qxf7+ Kxf7 29. Nc3 Bh6 30. Nd5 Ke8 31. Rxg6 Bc1 32.
Re6+ Kd7 33. Re7+ Kd8 34. Ra7 Ke8 35. Nc7+ Kd8 36. Ne6+ Ke8 37. Nxf8 Kxf8
38. Rxa6 Ke7 39. b3 Bb2 40. a4 bxa4 41. bxa4 c4 42. Rc6 c3 43. a5 Kd7 44.
Rc4 Ke6 45. a6 c2 46. a7 Bd4+ 47. Kf1 Bxa7 48. Rxc2 d5 49. exd5+ Kxd5 50.
g4 hxg4 51. fxg4 Ke6 52. h4 Kf7 53. Rc7+ Kf6 54. Rxa7 e4 55. h5 Kg5 56.
Ra5+ Kf4 57. h6 e3 58. h7 Kf3 59. h8=Q e2+ 60. Ke1 { Black resigns } 1-0

[Event "ICC tourney 2556 (25 5)"]
[Site "Internet Chess Club"]
[Date "2021.05.08"]
[Round "2"]
[White "MAITI, VEDANT:K05-16844427"]
[Black "QIAO, EVELYN:K05-16026633"]
[Result "0-1"]
[ICCResult "White resigns"]
[WhiteElo "1057"]
[BlackElo "1575"]
[Opening "Sicilian: Pelikan (Lasker/Sveshnikov) variation"]
[ECO "B33"]
[NIC "SI.35"]
[Time "13:34:33"]
[PlyCount "64"]
[TimeControl "1500+5"]

1. e4 c5 2. Nf3 Nc6 3. d4 cxd4 4. Nxd4 Nf6 5. Nc3 e5 6. Nb3 d6 7. Be3 Be7
8. f3 O-O 9. Qd2 Be6 10. O-O-O a6 11. Be2 b5 12. g4 Na5 13. Kb1 Nc4 14.
Bxc4 bxc4 15. Nc1 Rb8 16. N1e2 Qa5 17. g5 Nh5 18. h4 Qb4 19. Qc1 a5 20. Ka1
a4 21. a3 Qa5 22. Nd5 Bd8 23. f4 Bg4 24. Rd2 Bxe2 25. Rxe2 Ng3 26. Rg2 Nxh1
27. Qxh1 Qb5 28. Bc1 Ba5 29. f5 c3 30. b3 axb3 31. cxb3 Qxb3 32. Be3 c2 {
White resigns } 0-1

[Event "ICC tourney 2556 (25 5)"]
[Site "Internet Chess Club"]
[Date "2021.05.08"]
[Round "2"]
[White "DEVARAJ, SIRI:K05-16369654"]
[Black "ROBERT WICKS, COLIN:K05-16090713"]
[Result "0-1"]
[ICCResult "White checkmated"]
[WhiteElo "1077"]
[BlackElo "1624"]
[Opening "Petrov's defense"]
[ECO "C42"]
[NIC "RG.03"]
[Time "13:32:37"]
[PlyCount "152"]
[TimeControl "1500+5"]

1. e4 e5 2. Nf3 Nf6 3. Nxe5 Nc6 4. Nf3 Nxe4 5. Qe2 Qe7 6. d3 Nf6 7. Nc3 Nb4
8. Qxe7+ Bxe7 9. Kd1 d6 10. Be2 O-O 11. a3 Nc6 12. Be3 Ng4 13. h3 Nxe3+ 14.
fxe3 f5 15. Nd5 Bd8 16. Rf1 Be6 17. Nf4 Bf7 18. Kd2 Bf6 19. d4 Ne7 20. c4
d5 21. c5 b6 22. b4 a5 23. Nd3 axb4 24. axb4 b5 25. Nde5 Bxe5 26. Nxe5 c6
27. g4 fxg4 28. Bxg4 Rxa1 29. Rxa1 Be8 30. Be6+ Kh8 31. Bd7 Bxd7 32. Nxd7
Rg8 33. Ne5 h6 34. Ra7 Nf5 35. Nxc6 Ng3 36. Ne5 Ne4+ 37. Kc2 Kh7 38. Rd7
Nf6 39. Rd6 Ra8 40. Kb3 Ra1 41. c6 Ra8 42. c7 Rc8 43. Nd3 Rxc7 44. Rb6 Ne4
45. Nc5 Nd2+ 46. Kc2 Nc4 47. Re6 Rf7 48. Kd3 Rf2 49. Nb3 Rb2 50. Kc3 Re2
51. Kd3 Rh2 52. e4 Rxh3+ 53. Kc2 dxe4 54. Rxe4 Rxb3 55. Kxb3 Nd2+ 56. Kc3
Nxe4+ 57. Kd3 Nd6 58. d5 g5 59. Kd4 g4 60. Kc5 Ne4+ 61. Kc6 g3 62. d6 Nxd6
63. Kxd6 g2 64. Kc6 g1=Q 65. Kxb5 h5 66. Ka5 h4 67. b5 h3 68. b6 Qg7 69.
Ka6 h2 70. b7 h1=Q 71. b8=Q Qga1+ 72. Kb6 Qhb1+ 73. Kc7 Qe5+ 74. Kc8 Qbxb8+
75. Kd7 Qbd6+ 76. Kc8 Qc7# { White checkmated } 0-1

[Event "ICC tourney 2556 (25 5)"]
[Site "Internet Chess Club"]
[Date "2021.05.08"]
[Round "2"]
[White "SONG, BLAISE:K05-17154525"]
[Black "IAROVICH, SHACHAR:K05-16865995"]
[Result "0-1"]
[ICCResult "White checkmated"]
[WhiteElo "546"]
[BlackElo "1051"]
[Opening "Ruy Lopez: old Steinitz defense"]
[ECO "C62"]
[NIC "RL.02"]
[Time "13:33:58"]
[PlyCount "82"]
[TimeControl "1500+5"]

1. e4 e5 2. Nf3 Nc6 3. Bb5 d6 4. Nc3 Bg4 5. h3 Bd7 6. O-O Nf6 7. d4 Be7 8.
d5 Nb4 9. Bxd7+ Qxd7 10. a3 Na6 11. Bg5 O-O 12. Re1 Nc5 13. Bxf6 Bxf6 14.
b4 Na6 15. Nd2 Rae8 16. f3 Bh4 17. Re2 f5 18. Nb3 fxe4 19. Rxe4 Qe7 20. b5
Nb8 21. Ne2 Qg5 22. Rg4 Qh6 23. g3 Be7 24. h4 Rxf3 25. Ned4 Qe3+ 26. Kh2
exd4 27. Qxd4 Bf6 28. Qxe3 Rexe3 29. Nd4 Bxd4 30. Rxd4 Rxg3 31. Rd3 Rxd3
32. cxd3 Rxd3 33. Re1 Nd7 34. Re7 Ne5 35. Rxc7 Rxa3 36. Rxb7 Nf3+ 37. Kg2
Nxh4+ 38. Kf2 g5 39. Rd7 g4 40. Rxd6 g3+ 41. Kg1 Ra1# { White checkmated }
0-1

[Event "ICC tourney 2556 (25 5)"]
[Site "Internet Chess Club"]
[Date "2021.05.08"]
[Round "2"]
[White "S MORGAN, LAKSHMI:K05-16867525"]
[Black "RAJARAM, ROHAN:K05-15739716"]
[Result "0-1"]
[ICCResult "White resigns"]
[WhiteElo "1108"]
[BlackElo "1905"]
[Opening "Sicilian: Smith-Morra gambit"]
[ECO "B21"]
[NIC "SI.48"]
[Time "13:32:30"]
[PlyCount "90"]
[TimeControl "1500+5"]

1. e4 c5 2. d4 cxd4 3. c3 dxc3 4. Nxc3 e6 5. Nf3 a6 6. Bc4 b5 7. Bb3 Bb7 8.
Bc2 Nc6 9. a3 d6 10. O-O Be7 11. Be3 Nf6 12. Qd2 O-O 13. Rad1 Qc7 14. Rfe1
Na5 15. Bd3 Nc4 16. Bxc4 bxc4 17. Qc2 Rac8 18. Bg5 h6 19. Bxf6 Bxf6 20. Qd2
Rfd8 21. h3 d5 22. e5 Be7 23. Nd4 Bc5 24. Re3 Be7 25. Re2 Re8 26. Rde1 Qb6
27. Kh1 Qa7 28. f4 Bc5 29. Nf3 d4 30. Ne4 d3 31. Nxc5 dxe2 32. Nxb7 Qxb7
33. Qxe2 Qb3 34. Nd4 Qd3 35. Qf2 Red8 36. Nf3 Rb8 37. Re2 Qb1+ 38. Kh2 Rd3
39. Qa7 Rdb3 40. Qxa6 Rxb2 41. Rxb2 Qxb2 42. Qxc4 Qxa3 43. Qc7 Rb2 44. Qc8+
Kh7 45. Qd7 Qxf3 { White resigns } 0-1

[Event "ICC tourney 2556 (25 5)"]
[Site "Internet Chess Club"]
[Date "2021.05.08"]
[Round "2"]
[White "LIU, DAVID:K05-15646077"]
[Black "CHEN, JOCELYN:K05-15671677"]
[Result "0-1"]
[ICCResult "White checkmated"]
[WhiteElo "1100"]
[BlackElo "1775"]
[Opening "Queen's pawn, Mason variation"]
[ECO "D00"]
[NIC "QP.08"]
[Time "13:33:22"]
[PlyCount "70"]
[TimeControl "1500+5"]

1. d4 d5 2. Bf4 Bf5 3. Nf3 Nf6 4. e3 e6 5. c3 Bd6 6. Bg3 c6 7. Be2 O-O 8.
Nbd2 Bxg3 9. hxg3 Nbd7 10. Ne5 Nxe5 11. dxe5 Nd7 12. f4 h6 13. g4 Bg6 14.
Nf3 Qb6 15. Qd2 Nc5 16. Nh4 Rfd8 17. b4 Ne4 18. Qc1 Bh7 19. Rh3 c5 20. Rb1
c4 21. f5 Rf8 22. Bf3 Ng5 23. Rg3 exf5 24. gxf5 Rad8 25. Rg4 Rfe8 26. Rb2
Rxe5 27. Re2 Bxf5 28. Rf4 Bh7 29. Bg4 Ne4 30. Rf3 Nxc3 31. Qxc3 Re4 32. Rf4
Rxf4 33. exf4 d4 34. Qxc4 d3 35. Rd2 Qg1# { White checkmated } 0-1

[Event "ICC tourney 2556 (25 5)"]
[Site "Internet Chess Club"]
[Date "2021.05.08"]
[Round "2"]
[White "HUANG WANG, WILLIAM:K05-16426896"]
[Black "MUKHOPADHYAY, ANUSHA:K05-16454747"]
[Result "1-0"]
[ICCResult "Black checkmated"]
[WhiteElo "1554"]
[BlackElo "1057"]
[Opening "QGD: Marshall defense"]
[ECO "D06"]
[NIC "QP.08"]
[Time "13:32:28"]
[PlyCount "95"]
[TimeControl "1500+5"]

1. d4 d5 2. c4 Nf6 3. cxd5 Nxd5 4. e4 Nf6 5. Nc3 Bg4 6. Be2 Bxe2 7. Ngxe2
e6 8. Bg5 Be7 9. Bf4 Nc6 10. O-O O-O 11. f3 h6 12. Kh1 Nh5 13. Be3 f5 14.
Qb3 Qd6 15. Nb5 Qd7 16. Rfd1 fxe4 17. fxe4 Nf6 18. Nf4 Nxe4 19. Nxe6 Rf7
20. Nexc7 Rc8 21. Rf1 Nf6 22. Ne6 a6 23. Nc3 Nd8 24. d5 Kh8 25. Nxd8 Rxd8
26. Rad1 Bd6 27. Bd4 Rdf8 28. Bxf6 Rxf6 29. Rxf6 Rxf6 30. Ne4 Rf7 31. Qd3
Kg8 32. Rc1 Be5 33. d6 Qf5 34. Rd1 Bxd6 35. Qc4 Bf8 36. Ng3 Qe5 37. Rf1 Qe7
38. Ne4 Qc7 39. Qb3 Qe7 40. Nd6 Qe6 41. Qxe6 Bxd6 42. Qxf7+ Kh7 43. Qf5+
Kg8 44. Qe6+ Kh7 45. Qxd6 Kg8 46. Qg6 Kh8 47. Re1 Kg8 48. Re8# { Black
checkmated } 1-0

[Event "ICC tourney 2556 (25 5)"]
[Site "Internet Chess Club"]
[Date "2021.05.08"]
[Round "2"]
[White "KRISHNAN, MIHIKA:K05-16596204"]
[Black "D BEAR, NICHOLAS:K05-16056078"]
[Result "0-1"]
[ICCResult "White checkmated"]
[WhiteElo "1094"]
[BlackElo "1706"]
[Opening "QGA, 4.e3"]
[ECO "D25"]
[NIC "QG.08"]
[Time "13:33:22"]
[PlyCount "112"]
[TimeControl "1500+5"]

1. Nf3 d5 2. d4 Nf6 3. c4 dxc4 4. e3 a6 5. Bxc4 e6 6. Nc3 b5 7. Bd3 Bb7 8.
a4 b4 9. Na2 Nbd7 10. O-O Bd6 11. Re1 O-O 12. e4 Be7 13. e5 Nd5 14. b3 c5
15. Qc2 h6 16. Be4 Rc8 17. Qd3 a5 18. Bxd5 Bxd5 19. Bf4 cxd4 20. Nxd4 Nc5
21. Qg3 Kh8 22. Qh3 Kh7 23. Re3 Bg5 24. Bxg5 Qxg5 25. Rg3 Qxe5 26. Rd1 Rcd8
27. Re3 Qf6 28. Nf3 Bxb3 29. Rxd8 Rxd8 30. Nc1 Rd1+ 31. Re1 Rxe1+ 32. Nxe1
Bxa4 33. Qh5 Qc3 34. Qe2 Qxc1 35. h3 Qd1 36. Qe5 Qd5 37. Qe2 Bc6 38. Qc2+
Kg8 39. Qe2 b3 40. Nf3 a4 41. Qb2 Qd1+ 42. Kh2 Bxf3 43. gxf3 Qxf3 44. Qd4
Ne4 45. Qd8+ Kh7 46. Qb6 Qxf2+ 47. Qxf2 Nxf2 48. Kg2 b2 49. Kxf2 b1=Q 50.
Kg3 Qd3+ 51. Kh2 Qe2+ 52. Kg3 a3 53. Kh4 a2 54. Kg3 a1=Q 55. Kh4 Qd4+ 56.
Kg3 Qef2# { White checkmated } 0-1

[Event "ICC tourney 2556 (25 5)"]
[Site "Internet Chess Club"]
[Date "2021.05.08"]
[Round "2"]
[White "KUO, DECLAN:K05-16624125"]
[Black "PETUKHOV, ARTHUR:K05-16615802"]
[Result "0-1"]
[ICCResult "White checkmated"]
[WhiteElo "852"]
[BlackElo "1287"]
[Opening "Four knights: Italian variation"]
[ECO "C47"]
[NIC "KP.06"]
[Time "13:32:48"]
[PlyCount "68"]
[TimeControl "1500+5"]

1. e4 e5 2. Nf3 Nc6 3. Nc3 Nf6 4. Bc4 Nxe4 5. Nxe4 d5 6. Bxd5 Qxd5 7. Nc3
Qa5 8. d3 Bc5 9. Bd2 Bd6 10. Ne4 Qb6 11. O-O O-O 12. Be3 Qxb2 13. Qd2 Nd4
14. Bxd4 exd4 15. Rfb1 Qa3 16. Nxd4 Be5 17. Qe3 Qa4 18. c3 Re8 19. Rb4 Qd7
20. Nc5 Qd6 21. Nxb7 Bxb7 22. Rxb7 Bxh2+ 23. Kf1 Rxe3 24. fxe3 Qa6 25. Rb5
c6 26. Rh5 Qxd3+ 27. Ne2 Bc7 28. Kf2 Re8 29. Rh3 Bb6 30. Nd4 Qd2+ 31. Kg1
Rxe3 32. Nxc6 Rxh3+ 33. Nd4 Qe3+ 34. Kf1 Rh1# { White checkmated } 0-1